 Dungeon Crawl Stone Soup version 0.28.0-1-gb440e238dd (webtiles) character file.

Game seed: 7455380097177705444

190566 Kaptain the Earth Mage (level 18, -4/119 HPs)
             Began as a Gargoyle Earth Elementalist on Feb 23, 2022.
             Slain by a radroach (40 damage)
             ... on level 4 of the Spider Nest.
             The game lasted 02:13:14 (59512 turns).

Kaptain the Earth Mage (GrEE)                      Turns: 59512, Time: 02:13:15

Health: -4/119     AC: 42    Str:  6    XL:     18   Next: 17%
Magic:  0/35       EV:  8    Int: 23    God:
Gold:   977        SH:  7    Dex: 18    Spells: 31/43 levels left

rFire   + + +      SeeInvis +   q - +12 fustibalus of Nop Cess {flame, Will++ Str-3}
rCold   + + .      Faith    .   B - +0 buckler
rNeg    + . .      Spirit   .   M - +5 fire dragon scales "Otorch" {rF++ rC- Dex+2}
rPois   ∞          Reflect  .   d - +2 helmet {SInv}
rElec   +          Harm     .   Z - +2 cloak {Will+}
rCorr   .          Rampage  .   z - +2 pair of gloves
Will    ++++.                   a - +0 pair of boots
Stlth   +++.......              k - amulet of the acrobat
HPRegen 0.29/turn               f - ring "Werhasist" {rPois rC+++ Str-2 Dex+6}
MPRegen 0.24/turn               S - ring of protection from fire

@: flying, slightly contaminated
A: sickness immunity, AC +13, big wings, negative energy resistance 1,
electricity resistance, torment resistance 1, petrification resistance, weak 1
}: 1/15 runes: barnacled
a: no special abilities


You were on level 4 of the Spider Nest.
You visited 6 branches of the dungeon, and saw 27 of its levels.
You also visited: Bailey and Gauntlet.

You collected 2391 gold pieces.
You spent 1414 gold pieces at shops.

Inventory:

Hand Weapons
 q - the +12 fustibalus of Nop Cess (weapon) {flame, Will++ Str-3}
   (You found it on level 3 of the Shoals)

   Any ammunition fired from it burns those it strikes, dealing additional fire
   damage.
   Str:       It affects your strength (-3).
   Will:      It greatly increases your willpower.
 t - a +5 morningstar of protection
Missiles
 c - 548 stones
 w - 131 sling bullets (quivered ammo)
 R - 6 silver javelins
Armour
 a - a +0 pair of boots (worn)
 d - a +2 helmet of see invisible (worn)
 l - a scarf of resistance
 z - a +2 pair of gloves (worn)
 B - a +0 buckler (worn)
 M - the +5 fire dragon scales "Otorch" (worn) {rF++ rC- Dex+2}
   (You found it on level 5 of the Lair of Beasts)

   Dex:       It affects your dexterity (+2).
   rF:        It greatly protects you from fire.
   rC:        It makes you vulnerable to cold.
 Y - a +2 cloak of stealth
 Z - a +2 cloak of willpower (worn)
Jewellery
 f - the ring "Werhasist" (left hand) {rPois rC+++ Str-2 Dex+6}
   (You bought it in a shop on level 2 of the Orcish Mines)

   [ring of poison resistance]

   Str:       It affects your strength (-2).
   Dex:       It affects your dexterity (+6).
   rC:        It renders you almost immune to cold.
   rPois:     It protects you from poison.
 k - an amulet of the acrobat (around neck)
 n - a ring of protection from cold
 G - a ring of see invisible
 K - a ring of resist corrosion
 S - a ring of protection from fire (right hand)
Wands
 e - a wand of iceblast (7)
 x - a wand of mindburst (37)
 D - a wand of acid (12)
 J - a wand of flame (28)
 X - a wand of digging (6)
Scrolls
 j - a scroll of summoning
 o - 4 scrolls of fear
 p - a scroll of brand weapon
 r - 3 scrolls of amnesia
 s - 2 scrolls of holy word
 y - 2 scrolls of teleportation
 A - a scroll of acquirement
 C - 8 scrolls of fog
 I - 2 scrolls of enchant armour
 L - 3 scrolls of enchant weapon
 T - 7 scrolls of magic mapping
 U - 3 scrolls of immolation
Potions
 b - 4 potions of berserk rage
 g - 2 potions of heal wounds
 h - 2 potions of haste
 i - 11 potions of curing
 m - 7 potions of brilliance
 u - 9 potions of ambrosia
 F - 2 potions of invisibility
 H - a potion of might
 N - 3 potions of cancellation
 O - a potion of magic
 P - 3 potions of mutation
 Q - 3 potions of lignification
 W - a potion of resistance
Miscellaneous
 E - a lightning rod (4/4)
 V - a phial of floods


   Skills:
 * Level 15.3 Fighting
 + Level 10.9 Armour
 + Level 7.3 Dodging
 + Level 9.0 Stealth
 + Level 10.2 Shields
 * Level 13.2 Spellcasting
 * Level 15.1 Conjurations
 - Level 0.7 Transmutations
 * Level 16.9 Earth Magic


You had 31 spell levels left.
You knew the following spells:

 Your Spells              Type           Power      Damage    Failure   Level
a - Sandblast             Erth           100%       2d20      1%          1
b - Stone Arrow           Conj/Erth      100%       3d13      1%          3
c - Lee's Rapid Deconstr  Erth           37%        3d20*     1%          5
d - Swiftness             Air            15%        N/A       91%         3

Your spell library contained the following spells:

 Spells                   Type           Power      Damage    Failure   Level
 Passwall                 Tmut/Erth      45%        N/A       2%          2
 Shock                    Conj/Air       100%       1d9       3%          1
 Static Discharge         Conj/Air       50%        N/A       4%          2
 Conjure Flame            Conj/Fire      50%        6-21      10%         3
 Petrify                  Tmut/Erth      54%        N/A       19%         4
 Leda's Liquefaction      Hex/Erth       26%        N/A       22%         4
 Hailstorm                Conj/Ice       50%        3d11      30%         4
 Sticky Flame             Conj/Fire      50%        2d7       30%         4
 Animate Skeleton         Necr           30%        N/A       56%         1
 Apportation              Tloc           30%        N/A       56%         1
 Freeze                   Ice            60%        1d8       56%         1
 Slow                     Hex            60%        N/A       56%         1
 Summon Small Mammal      Summ           60%        N/A       56%         1
 Lightning Bolt           Conj/Air       25%        1d41      65%         5
 Ensorcelled Hibernation  Hex/Ice        30%        N/A       71%         2
 Ignite Poison            Fire/Tmut/Pois 16%        N/A       88%         3
 Call Canine Familiar     Summ           15%        N/A       91%         3
 Confusing Touch          Hex            15%        N/A       91%         3
 Frozen Ramparts          Ice            30%        1d5       91%         3
 Gell's Gravitas          Tloc           15%        N/A       91%         3
 Lesser Beckoning         Tloc           15%        N/A       91%         3
 Portal Projectile        Hex/Tloc       30%        N/A       91%         3
 Summon Guardian Golem    Hex/Summ       15%        N/A       91%         3
 Teleport Other           Tloc           15%        N/A       91%         3
 Vampiric Draining        Necr           15%        2d7       91%         3
 Airstrike                Air            7%         N/A       100%        4
 Anguish                  Hex/Necr       7%         N/A       100%        4
 Animate Dead             Necr           7%         N/A       100%        4
 Cause Fear               Hex            7%         N/A       100%        4
 Blade Hands              Tmut           9%         N/A       100%        5
 Excruciating Wounds      Necr           7%         N/A       100%        5
 Summon Forest            Summ/Tloc      7%         N/A       100%        5
 Eringya's Noxious Bog    Tmut/Pois      8%         N/A       100%        6
 Dragon Form              Tmut           9%         N/A       100%        7
 Haunt                    Necr/Summ      7%         N/A       100%        7
 Summon Hydra             Summ           7%         N/A       100%        7
 Infestation              Necr           7%         N/A       100%        8
 Maxwell's Capacitive Co  Air            7%         ∞         100%        8
 Dragon's Call            Summ           7%         N/A       100%        9


Dungeon Overview and Level Annotations

Branches:
Dungeon (10/15)            Temple (1/1) D:5            Lair (6/6) D:10
 Shoals (4/4) Lair:3       Spider (4/4) Lair:3        Slime (0/5) Lair:5
    Orc (2/2) D:9             Elf (0/3) Orc:2        Bailey (visited)
Gauntlet (visited)

Altars:
Ashenzari
Cheibriados
Dithmenos
Elyvilon
Fedhas
Gozag
Hepliaklqana
Kikubaaqudgha
Makhleb
Nemelex Xobeh
Okawaru
Qazlal
Ru
Sif Muna
Trog
Uskayaw
Vehumet
Wu Jian
Xom
Yredelemnul
Zin
The Shining One
Beogh

Shops:
D:1 [   D:7 !   Orc:2 =*([!   Shoals:4 (

Annotations:
Shoals:2 3 runed translucent doors, Xye's ghost, adept HOFi


Innate Abilities, Weirdness & Mutations

You are immune to sickness and miasma.
Your stone body is resilient. (AC +13)
You are immune to poison.
Your large and strong wings let you fly.
You resist negative energy. (rN+)
You are resistant to electric shocks. (rElec)
You are resistant to unholy torment.
You are immune to petrification.
You are weak. (Str -2)


Message History

Fire: 132 sling bullets
Press: ? - help, Q - select action, (/) - cycle Shift-Dir - straight line, f/p - radroach
Aim: a radroach (86% to hit)
You shoot a sling bullet. The sling bullet hits the radroach.
The sling bullet burns the radroach.
The radroach is lightly wounded.
The radroach erupts in a fountain of uncontrolled magic!
You are blasted with magical radiation!!
* * * LOW HITPOINT WARNING * * *
You are lightly contaminated with residual magic.
Casting: Lee's Rapid Deconstruction (dangerous; 1% risk of failure)
Confirm with . or Enter, or press ? or * to list all spells.
Aiming: Stone Arrow (safe; 1% risk of failure)
Press: ? - help, Shift-Dir - straight line, f/p - radroach
Aim: a radroach (lightly wounded, 92% to hit)
The stone arrow hits the radroach!
The radroach is moderately wounded.
The radroach bites you but does no damage.
The radroach barely misses you.
Casting: Stone Arrow (safe; 1% risk of failure)
Confirm with . or Enter, or press ? or * to list all spells.
Aiming: Stone Arrow (safe; 1% risk of failure)
Press: ? - help, Shift-Dir - straight line, f/p - radroach
Aim: a radroach (moderately wounded, 92% to hit)
The stone arrow hits the radroach!!
The radroach is heavily wounded.
The radroach bites you but does no damage.
The radroach barely misses you.
That's the wrong kind of item! (Use * to select it.) Evoke which item? (* to show all) (? for menu, Esc to quit)
Okay, then.
Unknown command.
Aiming: Corrosive Bolt
Press: ? - help, Shift-Dir - straight line, f/p - radroach
Aim: a radroach (heavily wounded, 90% to hit)
The bolt of acid hits the radroach!
The radroach is severely wounded.
The radroach erupts in a fountain of uncontrolled magic!
You are blasted with magical radiation!!!
You die...

.#..# ##.<.^##.^##.^.## #####
##..# #..#.#.....##..(###.#.###
#^..# ###..###.##^##...###..^...#
..### #....#...##.#..####....#))^
#..# #...#....^.##..# #.)#####)
..<# ###.^#.##..##..#####..# ##
...###...##..^..###..##...^# #
^.###..^#..###....#..#...### ##
#.^.^.###...#...@#.#^...#### #.
##...######....##B..#^####.### #.
..#.##.##....###..#####.#....####
.####......###.....###....#...#^.
....^.#..#.^#^.....#...#.###.....
.....^#^.#...............##....##
##########.........^.....#######
####....^....#### ####'''####


You could see a radroach.

Vanquished Creatures
  Nikola (Shoals:1)
  Frances (Spider:2)
  A frost giant (Shoals:4)
  2 ghost moths (Spider:4)
  Aizul (Lair:3)
  5 emperor scorpions
  4 broodmothers
  6 entropy weavers
  A spark wasp (Spider:1)
  2 minotaurs
  9 merfolk impalers
  2 merfolk javelineers
  Josephine (Shoals:1)
  Harold (Lair:2)
  6 hydras
  2 merfolk avatars (Shoals:4)
  3 boulder beetles
  Erica (Lair:1)
  2 centaur warriors
  2 satyrs
  3 catoblepae (Lair:6)
  An alligator snapping turtle (Shoals:4)
  2 jorogumos
  A tengu warrior (Gauntlet)
  A radroach (Spider:3)
  2 merfolk aquamancers (Shoals:4)
  2 two-headed ogres
  10 death yaks
  3 orc high priests (Orc:2)
  2 pharaoh ants
  3 steelbarb worms
  9 orb spiders
  16 sea snakes
  5 orc knights
  A wizard (Gauntlet)
  10 harpies
  A deep elf zephyrmancer (Bailey)
  5 cyclopes
  22 wolf spiders
  11 fauns
  7 orc sorcerers
  12 merfolk sirens
  2 black mambas (Lair:5)
  A centaur zombie (D:10)
  17 elephants
  16 manticores
  3 water nymphs
  15 cane toads
  2 torpor snails (Spider:1)
  13 komodo dragons
  An efreet (D:10)
  5 demonic crawlers
  A tengu conjurer (Gauntlet)
  A rime drake (Lair:4)
  A queen bee (Gauntlet)
  A hornet (D:8)
  27 tarantellas
  15 meliai
  2 trolls
  2 polar bears
  Grinder (D:3)
  8 wind drakes
  22 merfolk
  8 snapping turtles
  5 blink frogs (Lair:5)
  13 dream sheep
  39 jumping spiders
  29 culicivoras
  A spriggan (Lair:3)
  4 wraiths
  7 wyverns
  A shadow (D:9)
  3 water elementals
  31 yaks
  A basilisk (D:10)
  2 steam dragons
  A warg (Orc:1)
  80 redbacks
  An acid dragon (D:10)
  18 water moccasins
  An ice beast (D:5)
  21 orc warriors
  4 black bears
  A sky beast (D:7)
  A necrophage (D:4)
  9 ogres
  8 centaurs
  25 wolves
  4 kobold brigands
  10 bullfrogs
  A gnoll sergeant (D:9)
  3 scorpions
  3 killer bees (Gauntlet)
  3 wights (D:7)
  An electric eel (Lair:3)
  A lava snake (D:10)
  14 orc priests
  5 centaur skeletons
  A jelly (D:7)
  A gnoll shaman (D:10)
  A hound (D:4)
  6 iguanas
  Ijyb (D:3)
  20 orc wizards
  4 hell rats (Lair:6)
  A killer bee zombie (D:4)
  A howler monkey skeleton (D:6)
  3 adders
  8 gnolls
  6 shadow imps
  4 white imps
  An ufetubus (D:4)
  A worm (D:2)
  74 orcs
  6 endoplasms
  3 giant cockroaches
  11 goblins
  6 hobgoblins
  6 jackals
  3 quokkas
  6 ball pythons
  4 bats (D:1)
  7 frilled lizards
  11 kobolds
  4 rats
897 creatures vanquished.

Vanquished Creatures (others)
  A merfolk aquamancer (Shoals:4)
  53 fungi
  200 plants
  28 tentacles (Shoals:2)
282 creatures vanquished.

Grand Total: 1179 creatures vanquished

Notes
Turn   | Place    | Note
-------+----------+-------------------------------------------
     0 | D:1      | Kaptain the Gargoyle Earth Elementalist began the quest for
                  | the Orb.
     0 | D:1      | Reached XP level 1. HP: 10/10 MP: 3/3
   162 | D:1      | Reached XP level 2. HP: 16/16 MP: 1/5
   660 | D:1      | Reached skill level 1 in Fighting
   692 | D:1      | Found Kaapifaat's Armour Boutique.
  1200 | D:1      | Reached skill level 4 in Earth Magic
  1325 | D:1      | Reached XP level 3. HP: 20/20 MP: 6/6
  1331 | D:1      | Learned a level 3 spell: Stone Arrow
  1665 | D:2      | Found a shadowy altar of Dithmenos.
  1763 | D:2      | Reached skill level 1 in Conjurations
  2481 | D:3      | Found a sparkling altar of Nemelex Xobeh.
  2491 | D:3      | Reached XP level 4. HP: 24/25 MP: 7/7
  2857 | D:3      | Noticed Ijyb
  2893 | D:3      | Killed Ijyb
  2894 | D:3      | Reached skill level 1 in Armour
  3236 | D:3      | Reached XP level 5. HP: 30/30 MP: 4/9
  3302 | D:3      | Noticed Grinder
  3311 | D:3      | Killed Grinder
  3312 | D:3      | Reached skill level 5 in Earth Magic
  3312 | D:3      | Reached XP level 6. HP: 34/36 MP: 2/10
  4085 | D:4      | Reached XP level 7. HP: 41/41 MP: 2/12
  5190 | D:5      | Entered Level 5 of the Dungeon
  5416 | D:5      | Found a staircase to the Ecumenical Temple.
  5440 | Temple   | Entered the Ecumenical Temple
  5769 | D:5      | Reached skill level 6 in Earth Magic
  5769 | D:5      | Reached XP level 8. HP: 46/48 MP: 10/14
  6684 | D:6      | Found a hide-covered altar of Uskayaw.
  7018 | D:6      | Found an ancient bone altar of Kikubaaqudgha.
  7020 | D:6      | Found a hazy altar of Hepliaklqana.
  7022 | D:6      | Found a glowing golden altar of the Shining One.
  7023 | D:6      | Found an iron altar of Okawaru.
  7660 | D:7      | Found Silen's Distillery.
  7894 | D:7      | Reached skill level 5 in Fighting
  8265 | D:7      | Reached skill level 5 in Conjurations
  8271 | D:7      | Reached skill level 7 in Earth Magic
  8382 | D:7      | Reached XP level 9. HP: 54/54 MP: 9/16
  8508 | D:7      | Reached skill level 5 in Spellcasting
  9144 | D:7      | Identified a scroll of acquirement
  9144 | D:7      | Acquired the Reference Book on Earthen Malediction
  9152 | D:7      | Learned a level 5 spell: Lee's Rapid Deconstruction
  9564 | D:8      | Noticed a centaur warrior
  9575 | D:8      | Killed a centaur warrior
 10079 | D:8      | Reached skill level 8 in Earth Magic
 10163 | D:8      | Noticed a hornet
 10169 | D:8      | Killed a hornet
 10265 | D:8      | Found a shadowy altar of Dithmenos.
 10349 | D:8      | Noticed a two-headed ogre
 10355 | D:8      | Killed a two-headed ogre
 10356 | D:8      | Reached XP level 10. HP: 61/61 MP: 5/19
 10836 | D:9      | Found a staircase to the Orcish Mines.
 11401 | D:9      | Identified the +9 spear of Extinguishment {pain, Str+3}
 11880 | D:9      | Noticed a cyclops
 11886 | D:9      | Killed a cyclops
 11887 | D:9      | Reached skill level 5 in Armour
 11887 | D:9      | Reached skill level 9 in Earth Magic
 12876 | D:10     | Entered Level 10 of the Dungeon
 13207 | D:10     | Found a flagged portal.
 13214 | Bailey   | Entered a bailey
 13563 | Bailey   | Noticed an orc knight
 13581 | Bailey   | Killed an orc knight
 13582 | Bailey   | Reached XP level 11. HP: 29/68 MP: 8/21
 13681 | Bailey   | Found a large runed translucent door.
 13681 | Bailey   | Found a large runed translucent door.
 13682 | Bailey   | Noticed a deep elf zephyrmancer
 13722 | Bailey   | Killed a deep elf zephyrmancer
 13728 | Bailey   | Identified the +1 leather armour of Honour {+Inv MP+9
                  | Int-4}
 13736 | Bailey   | Identified the +1 chain mail of the Untouchables {rF+}
 14399 | D:10     | Reached skill level 10 in Earth Magic
 14478 | D:10     | Noticed a two-headed ogre
 14482 | D:10     | Killed a two-headed ogre
 14816 | D:10     | Found a staircase to the Lair.
 14837 | D:10     | Reached skill level 5 in Dodging
 15365 | D:10     | Found a snail-covered altar of Cheibriados.
 15693 | Lair:1   | Entered Level 1 of the Lair of Beasts
 15703 | Lair:1   | You fall into a shaft and drop 1 floor!
 15953 | Lair:2   | Found a gate leading to a gauntlet.
 15966 | Gauntlet | Entered a Gauntlet
 15966 | Gauntlet | Noticed a tengu warrior
 15966 | Gauntlet | Found a transporter.
 16001 | Gauntlet | Found a transporter.
 16004 | Gauntlet | Found a transporter.
 16005 | Gauntlet | Found a transporter.
 16013 | Gauntlet | Found a transporter.
 16016 | Gauntlet | Found a transporter.
 16017 | Gauntlet | Found a transporter.
 16024 | Gauntlet | Found a runed translucent door.
 16027 | Gauntlet | Found a transporter.
 16028 | Gauntlet | Found a transporter.
 16029 | Gauntlet | Found a transporter.
 16035 | Gauntlet | Found a runed translucent gate.
 16035 | Gauntlet | Found a runed translucent gate.
 16035 | Gauntlet | Found a runed translucent gate.
 16035 | Gauntlet | Noticed a balrug
 16035 | Gauntlet | Noticed a wizard
 16037 | Gauntlet | Found a transporter.
 16040 | Gauntlet | Found a transporter.
 16041 | Gauntlet | Found a transporter.
 16049 | Gauntlet | Found the +3 Mad Mage's Maulers {Infuse+∞ RegenMP Int-3}
 16050 | Gauntlet | Found a transporter.
 16274 | Gauntlet | Killed a tengu warrior
 16548 | Gauntlet | Killed a wizard
 16672 | Gauntlet | Noticed a minotaur
 16684 | Gauntlet | Killed a minotaur
 16685 | Gauntlet | Reached XP level 12. HP: 52/76 MP: 3/24
 16871 | Lair:2   | Reached skill level 11 in Earth Magic
 17070 | Lair:2   | Noticed Harold
 17093 | Lair:2   | Killed Harold
 17432 | Lair:1   | Noticed Erica
 17452 | Lair:1   | Killed Erica
 18719 | Lair:2   | Reached skill level 10 in Fighting
 18719 | Lair:2   | Reached skill level 10 in Conjurations
 19560 | Lair:3   | Found a hole to the Spider Nest.
 19640 | Lair:3   | Reached skill level 1 in Shields
 19959 | Lair:3   | Found a staircase to the Shoals.
 20147 | Lair:3   | Reached skill level 12 in Earth Magic
 20515 | Lair:4   | Reached XP level 13. HP: 82/83 MP: 8/26
 20878 | Lair:4   | Learned a level 3 spell: Swiftness
 22032 | Lair:5   | Found a staircase to the Slime Pits.
 22654 | Lair:5   | Identified the +5 fire dragon scales "Otorch" {rF++ rC-
                  | Dex+2}
 24582 | Lair:6   | Entered Level 6 of the Lair of Beasts
 25073 | Lair:6   | Reached skill level 5 in Shields
 25087 | Lair:6   | Reached skill level 13 in Earth Magic
 25441 | Lair:6   | Reached skill level 10 in Spellcasting
 25758 | Lair:5   | Gained mutation: Your large and strong wings let you fly.
                  | [Gargoyle growth]
 25758 | Lair:5   | Reached XP level 14. HP: 87/90 MP: 4/28
 29603 | Orc:1    | Entered Level 1 of the Orcish Mines
 29732 | Orc:1    | Reached skill level 5 in Stealth
 30449 | Orc:2    | Entered Level 2 of the Orcish Mines
 30449 | Orc:2    | Found Uqurroos's Distillery.
 30459 | Orc:2    | Bought a potion of curing for 48 gold pieces
 30459 | Orc:2    | Bought a potion of heal wounds for 80 gold pieces
 30459 | Orc:2    | Bought a potion of heal wounds for 80 gold pieces
 30459 | Orc:2    | Bought a potion of heal wounds for 80 gold pieces
 30907 | Orc:2    | Paralysed by an orc sorcerer for 7 turns
 31124 | Orc:2    | Gained mutation: You are weak. (Str -2) [a neqoxec]
 31308 | Orc:2    | Paralysed by an orc sorcerer for 3 turns
 32090 | Orc:2    | Paralysed by an orc sorcerer for 7 turns
 32112 | Orc:2    | Reached skill level 14 in Earth Magic
 32480 | Orc:2    | Found Bieggyoc's Antique Weapon Shoppe.
 32485 | Orc:2    | Found Pamov's Jewellery Boutique.
 32493 | Orc:2    | Found Daqajup's Assorted Antiques.
 32495 | Orc:2    | Found Heal's Antique Armour Shoppe.
 32534 | Orc:2    | Bought the ring "Werhasist" {rPois rC+++ Str-2 Dex+6} for
                  | 1126 gold pieces
 32654 | Orc:2    | Found a staircase to the Elven Halls.
 33288 | Spider:1 | Entered Level 1 of the Spider Nest
 33313 | Spider:1 | Reached XP level 15. HP: 94/97 MP: 5/29
 33471 | Shoals:1 | Entered Level 1 of the Shoals
 33471 | Shoals:1 | Noticed Aizul
 33539 | Lair:3   | Killed Aizul
 33825 | Shoals:1 | Noticed Josephine
 34066 | Shoals:1 | Killed Josephine
 35298 | Shoals:1 | Noticed Nikola
 36203 | Shoals:1 | Killed Nikola
 36592 | Shoals:2 | Noticed a kraken
 36592 | Shoals:2 | Noticed a kraken
 36592 | Shoals:2 | Noticed a kraken
 36592 | Shoals:2 | Noticed a kraken
 37142 | Shoals:2 | Found a runed translucent gate.
 37179 | Shoals:2 | Found a runed translucent gate.
 37179 | Shoals:2 | Found a runed translucent gate.
 37291 | Shoals:2 | Noticed Xye's ghost (adept HOFi)
 37494 | Shoals:2 | Identified the +5 chain mail "Ruvysuy" {Regen+}
 40128 | Shoals:3 | Reached XP level 16. HP: 104/104 MP: 10/31
 40328 | Shoals:3 | Reached skill level 15 in Earth Magic
 40657 | Shoals:3 | Found a hide-covered altar of Uskayaw.
 40679 | Shoals:3 | Identified the +12 fustibalus of Nop Cess {flame, Will++
                  | Str-3}
 41715 | Shoals:4 | Entered Level 4 of the Shoals
 42087 | Shoals:4 | Found a snail-covered altar of Cheibriados.
 42805 | Shoals:4 | Identified the +1 robe "Hero's Friend" {rC++}
 44647 | Shoals:4 | Reached skill level 10 in Armour
 44983 | Shoals:4 | Identified the +1 ring mail of Raxiof {rElec Str-4 Int+2
                  | Stlth+}
 45038 | Shoals:4 | Found Ykhloaquez's Weapon Shoppe.
 46050 | Shoals:4 | Got a barnacled rune of Zot
 48993 | Spider:1 | Reached XP level 17. HP: 78/111 MP: 12/33
 50326 | Spider:2 | Reached skill level 16 in Earth Magic
 52627 | Spider:2 | Noticed Frances
 52748 | Spider:2 | Killed Frances
 56493 | Spider:3 | Reached skill level 10 in Shields
 56518 | Spider:3 | Reached skill level 15 in Fighting
 56965 | Spider:4 | Entered Level 4 of the Spider Nest
 58182 | Spider:4 | Reached skill level 15 in Conjurations
 58182 | Spider:4 | Reached XP level 18. HP: 119/119 MP: 0/35
 59512 | Spider:4 | Slain by a radroach

Illustrated notes

Levels and vault maps discovered:
D:1:      co_arrival_random_square_maze, layout_loops_cross, serial_shops,
          nicolae_shop_trees, serial_rivers, chequers_serial_rivers_room_b,
          chequers_serial_rivers_small_3, chequers_serial_rivers_room_a,
          chequers_serial_rivers_micro_c, hangedman_decor_clover_reticule,
          minmay_misc_feat_rugged
D:2:      layout_basic, basic_altar, amcnicky_mini_corridor_feature
D:3:      layout_basic, overflow_temple_1_default, minmay_statues_item,
          uniq_ijyb, uniq_grinder
D:4:      layout_layer_cave
D:5:      nicolae_cairo_tiling_large, layout_layer_cave,
          minmay_temple_entry_trees, serial_rivers,
          chequers_serial_rivers_small_3, chequers_serial_rivers_micro_c,
          chequers_serial_rivers_room_a, chequers_serial_rivers_micro_d,
          chequers_serial_rivers_micro_a, roderic_lattice_a
D:6:      layout_basic, grunt_temple_overflow_open
D:7:      layout_layer_cave, serial_shops, nicolae_shop_statue_plus,
          chequers_serial_rivers_micro_c, dk_noncrumbling_3
D:8:      layout_cave_pools, grunt_dithmenos_smoke_and_mirrors, serial_glass,
          glass_columns_a, glass_columns_b, glass_columns_c, glass_columns_a,
          hellmonk_bongcloud_opening
D:9:      layout_grid_maze, kennysheep_orc_monster_closet_entryway,
          kennysheep_boxes
D:10:     layout_irregular_city, overflow_temple_1_default,
          minmay_lair_entry_grove, enter_bailey_2, grunt_ministairs_1,
          kennysheep_cross_bottleneck, minmay_lizard_king
Temple:   eino_temple_lava
Lair:1:   layout_gridlike, uniq_erica
Lair:2:   layout_small_grid, gauntlet_entry_generic, minivault_27, uniq_harold
Lair:3:   layout_misc_corridors, elwin_shoals_entry_rooms,
          spider_nest_entry_webs, grunt_forest_stairs_clearing
Lair:4:   layout_concentric_octagons, st_stairs_7
Lair:5:   nzn_winding_woodlands_cross [nzn_winding_woodlands_5x15_lazy_stream,
          nzn_winding_woodlands_5x15_eye, nzn_winding_woodlands_5x15_pockets,
          nzn_winding_woodlands_5x15_cabin,
          nzn_winding_woodlands_15x15_thick_spiral], layout_gridlike,
          slime_dummy
Lair:6:   evilmike_catoblepas_cave, layout_cave_pods, grunt_megastairs_2
Shoals:1: layout_shoals, uniq_nikola, uniq_aizul, uniq_josephine
Shoals:2: layout_shoals, ebering_ghost_rock_garden, nicolae_shoals_kraken_party
Shoals:3: layout_shoals, nicolae_shoals_stone_sculpture_thing,
          regret_index_shoals_crete
Shoals:4: shoals_end_grunt_ice, layout_shoals, serial_shops,
          nicolae_shop_crystal, lemuel_centaur_altar
Spider:1: layout_chambers
Spider:2: layout_chambers, uniq_frances
Spider:3: layout_cave_pods, nicolae_spider_baby_got_redback,
          hangedman_spider_tarantella_strand
Spider:4: spider_rune_water, nicolae_spider_nook
Orc:1:    layout_caves
Orc:2:    st_orc_elflike, layout_caves, serial_shops, shop, basic_altar

Skill      XL: |  1  2  3  4  5  6  7  8  9 10 11 12 13 14 15 16 17 18 |
---------------+-------------------------------------------------------+-----
Fighting       | 1 2 3 4 5 6 7 9 10 11 12 13 14 15 | 15.3
Earth Magic    | 4 5 6 7 8 9 10 12 13 14 15 16 | 16.9
Conjurations   | 1 2 3 4 5 6 7 9 10 11 12 13 14 15 | 15.1
Armour         | 1 2 3 4 5 6 7 8 9 10 | 10.9
Dodging        | 2 3 4 5 6 7 |  7.3
Spellcasting   | 3 4 6 7 8 9 10 11 12 13 | 13.2
Stealth        | 3 5 6 7 8 9 |  9.0
Shields        | 2 5 7 8 9 10 | 10.2
Transmutations | |  0.7

Action                   |  1- 3 |  4- 6 |  7- 9 | 10-12 | 13-15 | 16-18 || total
-------------------------+-------+-------+-------+-------+-------+-------++-------
Melee: Unarmed           |     1 |       |       |       |       |       ||     1
       Dagger            |    98 |    71 |     2 |       |       |       ||   171
       Whip              |     3 |       |       |       |       |       ||     3
       Punch             |     2 |       |       |     1 |       |       ||     3
       Long sword        |       |       |   141 |   139 |   162 |     2 ||   444
       Spear             |       |       |       |    13 |       |       ||    13
       Scimitar          |       |       |       |       |    36 |       ||    36
       Morningstar       |       |       |       |       |       |    36 ||    36
       Fustibalus        |       |       |       |       |       |     1 ||     1
 Fire: Fustibalus        |       |       |       |       |       |   553 ||   553
 Cast: Sandblast         |    21 |    33 |    40 |    51 |    39 |    28 ||   212
       Stone Arrow       |       |     2 |    68 |   240 |   642 |   478 ||  1430
       Lee's Rapid Decon |       |       |     1 |    34 |   118 |   130 ||   283
Evoke: Wand              |       |       |     1 |    13 |    36 |     8 ||    58
       Lightning rod     |       |       |       |       |     1 |     1 ||     2
       Phial of floods   |       |       |       |       |       |     1 ||     1
  Use: Scroll            |       |     3 |     8 |    18 |    11 |     2 ||    42
       Potion            |       |       |     2 |     5 |     2 |     8 ||    17
 Stab: Sleeping          |       |     1 |     1 |       |     1 |       ||     3
       Paralysed         |       |       |       |       |     3 |       ||     3
Armor: Robe              |    20 |       |       |       |       |       ||    20
       Leather armour    |     7 |    36 |   128 |    14 |       |       ||   185
       Troll leather arm |       |       |       |    30 |       |       ||    30
       Fire dragon scale |       |       |       |   185 |   608 |  1117 ||  1910
Dodge: Dodged            |    67 |    59 |   120 |   190 |   378 |   512 ||  1326
Block: Buckler           |       |       |       |       |   190 |   428 ||   618
